 Dungeon Crawl Stone Soup version 0.31-a0-702-gf82c85558f (webtiles) character file.

Game seed: 3328070465262664426

452 qw the Shooter (level 7, 0/44 HPs)
             Began as a Gargoyle Hunter on Sept 7, 2023.
             Slain by a gnoll
             ... wielding a +0 club
              (2 damage)
             ... on level 6 of the Dungeon.
             The game lasted 00:00:56 (2201 turns).

qw the Shooter (Gargoyle Hunter)                    Turns: 2201, Time: 00:00:57

Health: 0/44       AC:  7    Str: 14    XL:     7   Next: 4%
Magic:  7/7        EV: 11    Int: 10    God:
Gold:   49         SH:  0    Dex: 15    Spells: 6/6 levels left

rFire   x . .        Y - +2 shortbow
rCold   . . .        (shield currently unavailable)
rNeg    + . .        c - +0 leather armour
rPois   inf          (no helmet)
rElec   +            (no cloak)
rCorr   .            (no gloves)
SInv    .            (no boots)
Will    .....        (no amulet)
Stlth   ++           (no ring)
HPRegen 0.27/turn    (no ring)
MPRegen 0.10/turn

%: no passive effects
@: about to teleport
A: sickness immunity, AC +4, negative energy resistance 1, electricity
resistance, torment resistance 1, petrification resistance, heat vulnerability
1, inability to drink after injury 1
a: no special abilities


You were on level 6 of the Dungeon.
You visited 1 branch of the dungeon, and saw 4 of its levels.

You collected 49 gold pieces.


Innate Abilities, Weirdness & Mutations

You are immune to sickness and miasma.
Your stone body is resilient. (AC +4)
You are immune to poison.
You resist negative energy. (rN+)
You are resistant to electric shocks. (rElec)
You are resistant to unholy torment.
You are immune to petrification.
You are vulnerable to heat. (rF-)
You occasionally lose the ability to drink potions when taking damage.


   Skills:
 - Level 4.4 Fighting
 - Level 7.2 Ranged Weapons
 + Level 1.7 Dodging
 - Level 1.1 Stealth


You had 6 spell levels left.
You didn't know any spells.
Your spell library was empty.

Inventory:

Hand Weapons
 Y - a +2 shortbow (weapon)
Armour
 c - a +0 leather armour (worn)
Jewellery
 b - the ring "Gezuhez" {rCorr Str+3}
   (You found it on level 3 of the Dungeon)

   [ring of resist corrosion]

   Str+3:     It affects your strength (+3).
   rCorr:     It protects you from acid and corrosion.
Scrolls
 a - 3 scrolls of identify {unknown}
Potions
 d - a potion of resistance {unknown}
 e - a potion of haste
 f - a potion of brilliance {unknown}
 g - a potion of curing
 h - a potion of heal wounds {unknown}
 j - a potion of attraction {unknown}

Dungeon Overview and Level Annotations

Branches:
Dungeon (3/15)

Altars:
Vehumet


Message History

The gnoll hits you with a +0 whip.
2193 |||
Found retreat position at -1,0 (gnoll; floor) with 0 blocking monsters and 2 monsters attacking at destination at distance 1 You shoot an arrow.
The arrow hits the scorpion.
The scorpion is almost dead.
The gnoll hits you with a +0 flail! The scorpion stings you.
The gnoll hits you but does no damage. The gnoll completely misses you.
2194 |||
Found retreat position at -1,0 (gnoll; floor) with 0 blocking monsters and 2 monsters attacking at destination at distance 1 You shoot an arrow.
The arrow hits the scorpion.
You kill the scorpion!
The gnoll hits you but does no damage. The gnoll barely misses you.
Your Ranged Weapons skill increases to level 7!
You have reached level 7!
You shoot an arrow. The arrow hits the gnoll!
The gnoll is almost dead.
The gnoll completely misses you. The gnoll closely misses you.
The gnoll hits you with a +0 club. The gnoll hits you with a +0 flail.
You shoot an arrow. The arrow barely misses the gnoll.
The gnoll barely misses you. x2; The gnoll hits you with a +0 club.
The gnoll hits you but does no damage.
You shoot an arrow. The arrow hits the gnoll.
The gnoll is almost dead.
The gnoll hits you but does no damage. The gnoll hits you with a +0 club.
The gnoll closely misses you. The gnoll barely misses you.
You shoot an arrow. The arrow hits the gnoll.
You kill the gnoll!
The gnoll barely misses you. The gnoll closely misses you. x2
You shoot an arrow.
The arrow hits the gnoll but does no damage.
The gnoll hits you but does no damage. The gnoll hits you with a +0 club.
The gnoll hits you with a +0 whip.
2200 ||| READING scroll of teleportation.
As you read the scroll of teleportation, it crumbles to dust.
You feel strangely unstable. The gnoll closely misses you.
The gnoll hits you with a +0 club. The gnoll barely misses you.
You shoot an arrow. The arrow hits the gnoll.
The gnoll is moderately wounded.
The gnoll hits you from afar with a +0 spear.
The gnoll hits you with a +0 club.
You die...

####........... .
#.#####.##.# #.##...... .
#.##.##.##.# #. #.......#
# #. ###...### ####.##
#)..# #......##### #.).#
.
.#..#....g@g####...#.##.
.(......###).......)....#
....!...gg.g(...........#
.........##............##
............####...#.###
..#.........# #...#...
#...=....##.# #...#####
####..#####.# #...# #..
#.# ##.##


You could see 3 gnolls.

Vanquished Creatures
  Sigmund (D:3)
  A bullfrog (D:6)
  A scorpion (D:6)
  A jelly (D:6)
  Natasha (twice) (D:2)
  A gnoll (D:6)
  3 adders
  3 orcs (D:6)
  4 bats (D:1)
  3 endoplasms
  2 giant cockroaches (D:2)
  6 goblins
  2 hobgoblins
  4 jackals (D:1)
  2 quokkas (D:2)
  6 ball pythons
  5 frilled lizards
  3 kobolds
  4 rats
54 creatures vanquished.

Notes
Turn   | Place    | Note
-------+----------+-------------------------------------------
     0 | D:1      | qw the Gargoyle Hunter began the quest for the Orb.
     0 | D:1      | Reached XP level 1. HP: 12/12 MP: 1/1
     0 | D:1      | 0 ||| qw: Version: 0.3-a-76-g4403597
     0 | D:1      | 0 ||| qw: Game counter: 801
     0 | D:1      | 0 ||| qw: Melee chars always use a shield: true
     0 | D:1      | 0 ||| qw: God list: Okawaru
     0 | D:1      | 0 ||| qw: Allow faded altars: false
     0 | D:1      | 0 ||| qw: Do Orc after clearing Dungeon:15 true
     0 | D:1      | 0 ||| qw: Do second Lair branch before Depths: true
     0 | D:1      | 0 ||| qw: Lair rune preference: random
     0 | D:1      | 0 ||| qw: Goals: Normal
     0 | D:1      | 0 ||| PLANNING D:1-11
   278 | D:1      | Reached XP level 2. HP: 12/17 MP: 2/2
   693 | D:1      | Reached XP level 3. HP: 21/21 MP: 3/3
   958 | D:1      | 958 ||| READING 2 scrolls labelled WIRUT LAMOACVUO.
   959 | D:1      | 959 ||| READING scroll of enchant weapon.
   959 | D:1      | 959 ||| ENCHANTING +1 shortbow.
   960 | D:1      | 960 ||| READING scroll labelled CAUGGO QOACY.
   965 | D:1      | 965 ||| DRINKING 2 bubbling blue potions.
   966 | D:1      | 966 ||| DRINKING 2 fizzy sapphire potions.
   967 | D:1      | 967 ||| DROPPING scroll of butterflies.
  1032 | D:2      | Reached skill level 5 in Ranged Weapons
  1342 | D:2      | Found a faded altar of an unknown god.
  1345 | D:2      | Noticed a floating eye
  1346 | D:2      | Noticed an eye of devastation
  1346 | D:2      | Noticed a shining eye
  1346 | D:2      | Noticed a great orb of eyes
  1353 | D:2      | Noticed Natasha
  1357 | D:2      | 1357 ||| RETREATING.
  1359 | D:2      | 1359 ||| Stepping ~*~*~tactically~*~*~ (outnumbered).
  1362 | D:2      | HP: 2/22 [cerulean imp/+2 spear[Natasha] (4)]
  1363 | D:2      | 1363 ||| READING 2 scrolls of teleportation.
  1468 | D:2      | 1468 ||| Stepping ~*~*~tactically~*~*~ (outnumbered).
  1470 | D:2      | 1470 ||| Stepping ~*~*~tactically~*~*~ (outnumbered).
  1475 | D:2      | Killed Natasha
  1476 | D:2      | Reached skill level 3 in Fighting
  1476 | D:2      | Reached XP level 4. HP: 20/28 MP: 4/4
  1626 | D:2      | Noticed Natasha
  1629 | D:2      | Killed Natasha
  1698 | D:2      | Found a radiant altar of Vehumet.
  1952 | D:2      | 1952 ||| READING scroll labelled SUGESI ZEESUA.
  1953 | D:2      | 1953 ||| READING 2 scrolls labelled REZUICRAUSI.
  1954 | D:2      | 1954 ||| DRINKING 2 viscous purple potions.
  1954 | D:2      | Gained mutation: You are agile. (Dex +4, Str/Int -1)
                  | [potion of mutation]
  1954 | D:2      | Gained mutation: You occasionally lose the ability to drink
                  | potions when taking damage. [potion of mutation]
  1954 | D:2      | Gained mutation: Your flesh is cold resistant. (rC+)
                  | [potion of mutation]
  1955 | D:2      | 1955 ||| DRINKING potion of mutation.
  1955 | D:2      | Lost mutation: You are agile. (Dex +4, Str/Int -1) [potion
                  | of mutation]
  1955 | D:2      | Lost mutation: Your flesh is cold resistant. (rC+) [potion
                  | of mutation]
  1955 | D:2      | Gained mutation: You are vulnerable to heat. (rF-) [potion
                  | of mutation]
  1956 | D:2      | 1956 ||| DROPPING scroll of fog.
  1980 | D:3      | Reached XP level 5. HP: 32/32 MP: 5/5
  2038 | D:3      | Noticed Sigmund
  2047 | D:3      | Killed Sigmund
  2048 | D:3      | Reached skill level 6 in Ranged Weapons
  2048 | D:3      | Reached XP level 6. HP: 28/37 MP: 6/6
  2048 | D:3      | 2048 ||| FLEEEEING.
  2116 | D:3      | Identified the ring "Gezuhez" {rCorr Str+3}
  2123 | D:3      | You fall into a shaft and drop 3 floors!
  2176 | D:6      | 2176 ||| RETREATING.
  2177 | D:6      | 2177 ||| Stepping ~*~*~tactically~*~*~ (retreating).
  2178 | D:6      | 2178 ||| Stepping ~*~*~tactically~*~*~ (retreating).
  2179 | D:6      | 2179 ||| Stepping ~*~*~tactically~*~*~ (retreating).
  2180 | D:6      | 2180 ||| Stepping ~*~*~tactically~*~*~ (retreating).
  2186 | D:6      | 2186 ||| Stepping ~*~*~tactically~*~*~ (retreating).
  2187 | D:6      | 2187 ||| Stepping ~*~*~tactically~*~*~ (retreating).
  2195 | D:6      | Reached skill level 7 in Ranged Weapons
  2195 | D:6      | Reached XP level 7. HP: 20/44 MP: 7/7
  2199 | D:6      | HP: 10/44 [gnoll/+0 club (3)]
  2200 | D:6      | 2200 ||| READING scroll of teleportation.
  2201 | D:6      | HP: 2/44 [gnoll/+0 spear (4)]
  2201 | D:6      | Slain by a gnoll

Levels and vault maps discovered:
D:1:      lightli_arrival_flooded_house, layout_loops_corners
D:2:      layout_basic, hellmonk_ecumenical_altar_watching_god, basic_altar,
          uniq_natasha
D:3:      layout_basic, uniq_sigmund
D:6:      layout_loops_cross

Skill      XL: |  1  2  3  4  5  6 |
---------------+-------------------+-----
Ranged Weapons | 5 6 7 |  7.2
Fighting       | 3 4 |  4.4
Dodging        | |  1.7
Stealth        | |  1.1

Action                     |  1- 3 |  4- 6 |  7- 9 || total
---------------------------+-------+-------+-------++-------
   Fire: Shortbow          |   114 |    61 |     6 ||   181
    Use: Scroll            |     4 |     2 |     1 ||     7
         Potion            |     2 |     2 |       ||     4
 Armour: Leather armour    |    45 |    22 |    12 ||    79
  Dodge: Dodged            |    39 |    33 |    11 ||    83

Table legend:
 A = Non-vault XP
 B = Vault XP
 C = Vault XP percentage of total XP
 D = Non-vault monster count
 E = Vault monster count
 F = Vault count percentage of total count
                 A         B        C        D         E       F
            +---------+---------+-------+---------+---------+-------
      Total |     380 |     266 |  41.2 |      52 |       2 |   3.7
            +---------+---------+-------+---------+---------+-------
        D:1 |      38 |       0 |   0.0 |      24 |       0 |   0.0
        D:2 |      85 |      35 |  29.2 |      18 |       1 |   5.3
        D:3 |      17 |     231 |  93.1 |       3 |       1 |  25.0
        D:6 |     240 |       0 |   0.0 |       7 |       0 |   0.0
            +---------+---------+-------+---------+---------+-------
